 Dungeon Crawl Stone Soup version 0.27.1 (webtiles) character file.

Game seed: 2625407025475623139

11 ZARRMARR the Conjurer (level 2, -1/18 HPs)
             Began as an Octopode Conjurer on Sept 4, 2021.
             Slain by a quokka (4 damage)
             ... on level 2 of the Dungeon.
             The game lasted 00:03:14 (428 turns).

ZARRMARR the Conjurer (Octopode Conjurer)            Turns: 428, Time: 00:03:16

Health: -1/18      AC:  1    Str:  6    XL:     2   Next: 25%
Magic:  2/5        EV: 13    Int: 20    God:
Gold:   0          SH:  0    Dex: 10    Spells: 4/5 levels left

rFire    . . .     SeeInvis .   (no weapon)
rCold    . . .     Faith    .   (no shield)
rNeg     . . .     Spirit   .   (helmet restricted)
rPois    .         Reflect  .   (no amulet)
rElec    .         Harm     .   (no ring)
rCorr    .         Rampage  .   (no ring)
Will     .....                  (no ring)
Stlth    +++.......             (no ring)
HPRegen  0.06/turn              (no ring)
MPRegen  0.09/turn              (no ring)
                                (no ring)
                                (no ring)

@: no status effects
A: almost no armour, amphibious, 8 rings, camouflage 1, gelatinous body 1,
(nimble swimmer 1), tentacles
a: no special abilities


You were on level 2 of the Dungeon.
You visited 1 branch of the dungeon, and saw 2 of its levels.

You aren't carrying anything.


   Skills:
 + Level 0.5 Fighting
 + Level 2.1 Dodging
 + Level 3.0 Stealth
 + Level 2.1 Spellcasting
 + Level 4.1 Conjurations


You had 4 spell levels left.
You knew the following spells:

 Your Spells              Type           Power      Damage    Failure   Level
a - Magic Dart            Conj           72%        1d6       3%          1

Your spell library contained the following spells:

 Spells                   Type           Power      Damage    Failure   Level
 Searing Ray              Conj           36%        3d4       4%          2
 Dazzling Flash           Conj/Hex       20%        N/A       21%         3
 Fulminant Prism          Conj/Hex       5%         3d7       54%         4
 Iskenderun's Mystic Bla  Conj/Tloc      10%        2d4       54%         4


Dungeon Overview and Level Annotations

Branches:
Dungeon (2/15)

Altars:

Shops:
D:1 (=


Innate Abilities, Weirdness & Mutations

You cannot wear most types of armour.
You are amphibious.
You can wear up to eight rings at the same time.
Your skin changes colour to match your surroundings (Stealth+).
Your rubbery body absorbs attacks. (AC +1, EV +1)
((You are camouflaged near water. (Stealth+)))
You have tentacles for arms and can constrict up to eight enemies at once.


Message History

You squeeze the plant!
The plant is lightly damaged.
You constrict the plant.
You tentacle-slap the plant but do no damage.
You squeeze the plant!
The plant is lightly damaged.
You constrict the plant. You tentacle-slap the plant.
The plant is lightly damaged.
You constrict the plant.
A nearby plant withers and dies.
You lose your grip on the plant.
You start resting.
A quokka is nearby!
Casting: Magic Dart (safe; 3% risk of failure)
Confirm with . or Enter, or press ? or * to list all spells.
Aiming: Magic Dart (safe; 3% risk of failure)
Press: ? - help, Shift-Dir - straight line, f - quokka
Aim: a quokka (100% to hit)
The magic dart hits the quokka.
The quokka is moderately wounded.
The quokka barely misses you.
Unknown command.
Casting: Magic Dart (safe; 3% risk of failure)
Confirm with . or Enter, or press ? or * to list all spells.
Aiming: Magic Dart (safe; 3% risk of failure)
Press: ? - help, Shift-Dir - straight line, f/p - quokka
Aim: a quokka (lightly wounded, 100% to hit)
The magic dart hits the quokka.
The quokka is heavily wounded.
The quokka bites you.
* * * LOW HITPOINT WARNING * * *
Casting: Magic Dart (safe; 3% risk of failure)
Confirm with . or Enter, or press ? or * to list all spells.
Aiming: Magic Dart (safe; 3% risk of failure)
Press: ? - help, Shift-Dir - straight line, f/p - quokka
Aim: a quokka (heavily wounded, 100% to hit)
The magic dart hits the quokka.
The quokka is almost dead.
The quokka bites you.
You die...

# #.
^## ##
..#
.###
#P#
(..#
#r#P..#
#@# #.#
#.# #.#
#.# .#.
# . .


You could see a quokka.

Vanquished Creatures
  3 ball pythons (D:1)
  3 bats (D:1)
  An endoplasm (D:1)
  A giant cockroach (D:1)
  A frilled lizard (D:1)
  A rat (D:1)
10 creatures vanquished.

Vanquished Creatures (others)
  5 plants (D:2)
5 creatures vanquished.

Grand Total: 15 creatures vanquished

Notes
Turn   | Place    | Note
-------+----------+-------------------------------------------
     0 | D:1      | ZARRMARR the Octopode Conjurer began the quest for the Orb.
     0 | D:1      | Reached XP level 1. HP: 11/11 MP: 3/3
   114 | D:1      | Found Ugroeh's Jewellery Emporium.
   178 | D:1      | Reached XP level 2. HP: 18/18 MP: 1/5
   428 | D:2      | Slain by a quokka

Illustrated notes

Levels and vault maps discovered:
D:1:      dpeg_arrival_pits, layout_loops_ring, serial_shops,
          nicolae_shop_statue_plus, shop, nicolae_shop_trees, shop, shop,
          minmay_circled_x
D:2:      layout_loops_ring, shapermc_ecumenical_altar_rom_forum, serial_forest,
          infiniplex_forest_join, infiniplex_forest_3_way,
          infiniplex_forest_lined_3_way, infiniplex_forest_lined_3,
          infiniplex_forest_straight_2, infiniplex_forest_clump_cross,
          infiniplex_forest_lined_2, minivault_24, uniq_robin

Skill      XL: |  1  2 |
---------------+-------+-----
Stealth        | 3 |  3.0
Fighting       | |  0.5
Dodging        | |  2.1
Spellcasting   | |  2.1
Conjurations   | |  4.1

Action                   || total
-------------------------++-------
Melee: Unarmed           ||     7
       Tentacles         ||     5
       Constrict         ||     3
 Cast: Magic Dart        ||    23
Armor: Skin              ||     3
Dodge: Dodged            ||    18
